 Dungeon Crawl Stone Soup version 0.29.1-13-g9f3cf754e1 (webtiles) character file.

Game seed: 4643749959254768689

447 kingofthe the Conjurer (level 6, -4/32 HPs)
             Began as a Deep Elf Conjurer on Jan 21, 2023.
             Slain by Duvessa
             ... wielding a +0 long sword of flaming
              (8 damage)
             ... on level 5 of the Dungeon.
             The game lasted 00:11:11 (5003 turns).

kingofthe the Conjurer (Deep Elf Conjurer)          Turns: 5003, Time: 00:11:16

Health: -4/32      AC:  3    Str:  4    XL:     6   Next: 73%
Magic:  11/15      EV: 15    Int: 23    God:
Gold:   190        SH:  0    Dex: 21    Spells: 8/15 levels left

rFire   . . .      SeeInvis +   a - +0 dagger (venom)
rCold   . . .      Faith    .   (no shield)
rNeg    . . .      Spirit   .   s - +0 robe
rPois   .          Reflect  .   (no helmet)
rElec   .          Harm     .   (no cloak)
rCorr   .          Rampage  .   (no gloves)
Will    .....                   u - +0 pair of boots
Stlth   +++.......              (no amulet)
HPRegen 0.10/turn               t - +6 ring of dexterity
MPRegen 0.14/turn               l - ring of see invisible

@: no status effects
A: no striking features
a: no special abilities


You were on level 5 of the Dungeon.
You visited 1 branch of the dungeon, and saw 5 of its levels.

You collected 190 gold pieces.

Inventory:

Hand Weapons
 a - a +0 dagger of venom (weapon)
 g - a +0 dagger
 p - a +1 vorpal mace
 z - a +2 whip of electrocution
Armour
 s - a +0 robe (worn)
 u - a +0 pair of boots (worn)
Magical Staves
 b - a staff of fire
Jewellery
 h - a ring of positive energy
 l - a ring of see invisible (right hand)
 t - a +6 ring of dexterity (left hand)
Wands
 w - a wand of mindburst (20)
Scrolls
 d - 2 scrolls of summoning {unknown}
 j - 3 scrolls of identify {unknown}
 k - a scroll of poison {unknown}
 m - 3 scrolls of fear {unknown}
 n - a scroll of silence {unknown}
 o - a scroll of acquirement {unknown}
 x - a scroll of noise {unknown}
 y - a scroll of magic mapping {unknown}
 A - a scroll of blinking {unknown}
Potions
 c - 4 potions of haste {unknown}
 e - a potion of flight {unknown}
 f - 3 potions of heal wounds {unknown}
 i - 2 potions of brilliance {unknown}
 q - a potion of magic
 r - 2 potions of curing {unknown}
 v - 2 potions of might {unknown}


   Skills:
 + Level 5.1 Dodging
 - Level 4.2 Stealth
 + Level 5.2 Spellcasting
 + Level 5.6 Conjurations
 + Level 2.4 Fire Magic


You had 8 spell levels left.
You knew the following spells:

 Your Spells              Type           Power      Damage    Failure   Level
a - Magic Dart            Conj           100%       1d8       1%          1
b - Searing Ray           Conj           62%        2d6       1%          2
c - Foxfire               Conj/Fire      96%        2x1d8     1%          1
d - Conjure Flame         Conj/Fire      24%        6-21      5%          3

Your spell library contained the following spells:

 Spells                   Type           Power      Damage    Failure   Level
 Static Discharge         Conj/Air       18%        3-6/arc   4%          2
 Dazzling Flash           Conj/Hex       36%        N/A       9%          3
 Wereblood                Tmut           5%         N/A       14%         2
 Inner Flame              Hex/Fire       11%        N/A       17%         3
 Flame Wave               Conj/Fire      24%        2d8       17%         4
 Sticky Flame             Conj/Fire      24%        2d5       17%         4
 Ignite Poison            Fire/Tmut/Pois 9%         N/A       21%         3
 Fulminant Prism          Conj/Hex       9%         3d7       28%         4
 Iskenderun's Mystic Bla  Conj/Tloc      18%        2d6       28%         4
 Dispel Undead            Necr           5%         3d7       67%         4


Dungeon Overview and Level Annotations

Branches:
Dungeon (5/15)
 Temple: D:4-7

Altars:
Sif Muna
Trog

Annotations:
D:5 Duvessa


Message History

You conjure some foxfire!
The foxfire hits Dowan.
You kill Dowan!
You hear a distant scream of rage.
Your foxfire dissipates! x2
Your foxfire dissipates!
HP restored.
f - 3 purple potions (gained 2)
Things that are here:
a +0 dagger; a +0 robe You pick up Sif Muna's Anthology of Shapeshifting and begin reading...
You add the spell Wereblood to your library.
There is a shimmering blue altar of Sif Muna here.
You kneel at the altar of Sif Muna.
There is an empty arch of ancient stone here.
Found a short sword.
Found a bloodstained altar of Trog.
Duvessa, Sister of Dowan comes into view.
She is wielding a +0 long sword of flaming.
Casting: Foxfire (safe; 1% risk of failure)
Confirm with . or Enter, or press ? or * to list all spells.
You conjure some foxfire!
Duvessa shouts!
Duvessa goes berserk!
Duvessa rages.
The foxfire hits Duvessa but does no damage.
Casting: Foxfire (safe; 1% risk of failure)
Confirm with . or Enter, or press ? or * to list all spells.
Aiming: Searing Ray (safe; 1% risk of failure)
Press: ? - help, Shift-Dir - straight line, f - Duvessa
Aim: Duvessa, wielding a +0 long sword of flaming and wearing a +0 leather armour (berserk, ally target, 82% to hit)
The searing ray hits Duvessa but does no damage. (Press . to maintain the ray.)
The foxfire hits Duvessa.
Duvessa is lightly wounded.
The searing ray hits Duvessa but does no damage.
Duvessa is lightly wounded.
Duvessa hits you with a +0 long sword of flaming!!
Ouch! That really hurt!
Duvessa burns you!
* * * LOW HITPOINT WARNING * * *
Duvessa hits you with a +0 long sword of flaming!
You die...

### ############..
#..........#..
#######..........# #
#................###
#...###..<†.........
#.e.##..........##.
#####@..##...>.....###
#._.##...########### #
#...###...##
##...#∩#...##
##...###.).##########
##...##._.##........
##...######........
##..)#####........
##...#...........


You could see Duvessa (berserk).

Vanquished Creatures
  2 phantoms
  Dowan (D:5)
  An orc priest (D:4)
  An iguana (D:5)
  A gnoll (D:2)
  6 adders
  An ufetubus (D:5)
  2 worms
  4 dart slugs
  6 orcs (D:4)
  3 bats
  6 endoplasms
  5 giant cockroaches
  7 hobgoblins
  5 jackals
  7 kobolds
  3 quokkas
  9 ball pythons
  5 frilled lizards
  7 goblins
  4 rats
86 creatures vanquished.

Vanquished Creatures (others)
  An orc wizard (D:4)
  52 foxfires
53 creatures vanquished.

Grand Total: 139 creatures vanquished

Notes
Turn   | Place    | Note
-------+----------+-------------------------------------------
     0 | D:1      | kingofthe the Deep Elf Conjurer began the quest for the
                  | Orb.
     0 | D:1      | Reached XP level 1. HP: 10/10 MP: 6/6
   122 | D:1      | Reached XP level 2. HP: 15/15 MP: 2/8
   125 | D:1      | Learned a level 2 spell: Searing Ray
   528 | D:1      | Found a faded altar of an unknown god.
   710 | D:1      | Reached XP level 3. HP: 19/19 MP: 3/9
  1277 | D:2      | Reached XP level 4. HP: 24/24 MP: 3/11
  3080 | D:4      | Noticed a phantom
  3155 | D:4      | Learned a level 1 spell: Foxfire
  3427 | D:4      | Reached XP level 5. HP: 20/28 MP: 0/13
  3436 | D:4      | Reached skill level 5 in Conjurations
  3686 | D:4      | Reached skill level 1 in Fire Magic
  4129 | D:4      | Killed a phantom
  4130 | D:4      | Reached XP level 6. HP: 17/32 MP: 3/15
  4276 | D:4      | Learned a level 3 spell: Conjure Flame
  4669 | D:5      | Entered Level 5 of the Dungeon
  4835 | D:5      | Reached skill level 5 in Dodging
  4835 | D:5      | Reached skill level 5 in Spellcasting
  4925 | D:5      | Found a shimmering blue altar of Sif Muna.
  4925 | D:5      | Noticed Dowan
  4931 | D:5      | Killed Dowan
  4988 | D:5      | Got Sif Muna's Anthology of Shapeshifting
  4994 | D:5      | Found a bloodstained altar of Trog.
  5000 | D:5      | Noticed Duvessa
  5003 | D:5      | Slain by Duvessa

Illustrated notes

Levels and vault maps discovered:
D:1:      amcnicky_arrival_choice, layout_rooms,
          hellmonk_ecumenical_altar_crossroads
D:2:      minmay_diamond_boxcup, layout_basic, bh_walls_and_bars
D:3:      layout_rooms, kennysheep_generic_room_9
D:4:      layout_basic
D:5:      layout_rooms, nzn_overflow_gifts_of_might_and_magic,
          minmay_fractal_squares_gapless_5, uniq_prince_ribbit1

Skill      XL: |  1  2  3  4  5  6 |
---------------+-------------------+-----
Stealth        | 3 4 |  4.2
Dodging        | 3 4 5 |  5.1
Spellcasting   | 4 5 |  5.2
Conjurations   | 5 |  5.6
Fire Magic     | 1 2 |  2.4

Action                   |  1- 3 |  4- 6 || total
-------------------------+-------+-------++-------
Melee: Dagger            |     6 |     3 ||     9
 Cast: Magic Dart        |    80 |    85 ||   165
       Searing Ray       |     2 |     6 ||     8
       Foxfire           |       |    31 ||    31
Armor: Robe              |     3 |     3 ||     6
Dodge: Dodged            |     2 |    14 ||    16
